 Dungeon Crawl Stone Soup version 0.29.0-13-gc9e81de378 (webtiles) character file.

Game seed: 11677777581934033886

1 xian the Sneak (level 1, 0/10 HPs)
             Began as a Felid Wanderer on Sept 8, 2022.
             Frozen to death by an endoplasm (3 damage)
             ... on level 1 of the Dungeon.
             The game lasted 00:00:25 (199 turns).

xian the Sneak (Felid Wanderer)                      Turns: 199, Time: 00:00:26

Health: 0/10       AC:  1    Str:  7    XL:     1   Next: 16%
Magic:  3/3        EV: 16    Int: 13    God:
Gold:   0          SH:  0    Dex: 16    Spells: 2/2 levels left
                                        Lives:  0   Deaths: 0

rFire   . . .      SeeInvis +   (weapon unavailable)
rCold   . . .      Faith    .   (shield unavailable)
rNeg    . . .      Spirit   .   (body armour unavailable)
rPois   .          Reflect  .   (helmet unavailable)
rElec   .          Harm     .   (cloak unavailable)
rCorr   .          Rampage  .   (gloves unavailable)
Will    .....                   (boots unavailable)
Stlth   +++.......              (no amulet)
HPRegen 0.03/turn               (no ring)
MPRegen 0.08/turn               (no ring)

@: quick
A: very small, claws 1, fangs 3, see invisible, speed 1, shaggy fur 1, stealthy
paws, no weapons or thrown items, no armour, multi-lived
a: no special abilities


You were on level 1 of the Dungeon.
You visited 1 branch of the dungeon, and saw 1 of its levels.

Inventory:

Scrolls
 a - a scroll of fear
 b - 4 scrolls of teleportation
 c - a scroll of blinking
Potions
 d - 2 potions of haste {unknown}
 e - a potion of flight {unknown}


   Skills:
 + Level 3.0 Fighting
 + Level 1.3 Dodging
 + Level 4.1 Stealth
 + Level 1.0 Spellcasting
 + Level 1.1 Invocations
 + Level 1.1 Evocations


You had 2 spell levels left.
You didn't know any spells.
Your spell library was empty.

Dungeon Overview and Level Annotations

Branches:
Dungeon (1/15)

Altars:


Innate Abilities, Weirdness & Mutations

You have sharp claws.
You have razor-sharp teeth.
You have supernaturally acute eyesight. (SInv)
You cover ground quickly. (Speed+)
You are covered in fur. (AC +1)
Your paws help you pounce on unaware monsters.
You are incapable of wielding weapons or throwing items.
You cannot wear armour.
You gain extra lives every three experience levels.


Message History

The rat bites you.
You completely miss the rat.
The rat is severely wounded.
The rat closely misses you.
You scratch the rat.
You kill the rat!
Found 2 dark potions.
Found a spear.
HP restored.
A frilled lizard comes into view.
Found a scroll of teleportation.
You closely miss the frilled lizard. The frilled lizard barely misses you.
You miss the frilled lizard. Your bite misses the frilled lizard.
The frilled lizard bites you.
You scratch the frilled lizard.
You kill the frilled lizard!
You see here a frilled lizard corpse.
b - 3 scrolls of teleportation (gained 1)
d - 2 dark potions
Found a mace.
Found a stone staircase leading down.
b - 4 scrolls of teleportation (gained 1)
e - a smoky silvery potion Your library has no spells.
An endoplasm comes into view.
A kobold comes into view. It is wielding a +0 whip.
The kobold shouts!
The kobold hits you with a +0 whip.
The endoplasm quivers.
The kobold hits you with a +0 whip.
* * * LOW HITPOINT WARNING * * *
The endoplasm hits you but does no damage.
You barely miss the endoplasm. The endoplasm misses you.
The kobold barely misses you.
You scratch the endoplasm.
The endoplasm is lightly wounded.
The kobold misses you. The endoplasm freezes you.
You are frozen.
You die...

####....# ........#
#######.....# ##
#.....#.....#########.
#.#...#...............
#.....#.###.#########.
#.......#.# #.
###...K.#.#.# #.
#....@J.#.#.# #.
#######.# #.# #. #.#
..# #.
#.#############.
.>..............
........#######
........# ........##
.........#


You could see an endoplasm and a kobold.

Vanquished Creatures
  A frilled lizard (D:1)
  A rat (D:1)
2 creatures vanquished.

Notes
Turn   | Place    | Note
-------+----------+-------------------------------------------
     0 | D:1      | xian the Felid Wanderer began the quest for the Orb.
     0 | D:1      | xian set off with the following items: a scroll of fear, 2
                  | scrolls of teleportation, a scroll of blinking.
     0 | D:1      | Reached XP level 1. HP: 10/10 MP: 3/3
   199 | D:1      | Frozen to death by an endoplasm

Illustrated notes

Levels and vault maps discovered:
D:1:      lightli_arrival_lavapool, layout_basic, serial_shops, shop,
          dreamdust_ecumenical_altar_drowned_temple,
          chequers_serial_rivers_micro_b

Action                   || total
-------------------------++-------
Melee: Unarmed           ||     8
Armor: Skin              ||     1
Dodge: Dodged            ||     6
